 Dungeon Crawl Stone Soup version 0.31.0-32-g396128a36d (webtiles) character file.

Game seed: 4493357660309137612

6355 diceflayer the Severer (level 10, -1/70 HPs)
             Began as a Demonspawn Fighter on Apr 21, 2024.
             Was an Elder of Okawaru.
             Killed by mirror damage (3 damage)
             ... on level 11 of the Dungeon.
             The game lasted 00:08:54 (9252 turns).

diceflayer the Severer (Demonspawn Fighter)         Turns: 9252, Time: 00:08:56

Health: -1/70      AC: 11    Str: 25    XL:     10   Next: 65%
Magic:  8/10       EV: 20    Int:  8    God:    Okawaru [****..]
Gold:   202        SH: 12    Dex: 13    Spells: 9/9 levels left

rFire   . . .        a - +0 war axe (venom)
rCold   . . .        c - +0 buckler
rNeg    . . .        k - +1 ring mail "Ceefink" {Str+4 Stlth+}
rPois   .            (no helmet)
rElec   .            y - +1 cloak of Starlight {*Dazzle EV+4 Stlth--}
rCorr   .            g - +0 pair of gloves
SInv    .            (boots unavailable)
Will    .....        u - amulet of regeneration
Stlth   +            (no ring)
HPRegen 1.11/turn    (no ring)
MPRegen 0.12/turn

%: no passive effects
@: heroic, hasted, very quick
A: hooves 3, large bone plates 2, foul stench 2
a: Renounce Religion, Heroism, Finesse


You were on level 11 of the Dungeon.
You worshipped Okawaru.
Okawaru was greatly pleased with you.
You visited 2 branches of the dungeon, and saw 12 of its levels.
You also visited: Bailey.

You collected 537 gold pieces.
You spent 335 gold pieces at shops.

Inventory:

Hand Weapons
 a - a +0 war axe of venom (weapon)
 w - a +2 heavy flail
Missiles
 C - 3 throwing nets (quivered)
Armour
 c - a +0 buckler (worn)
 g - a +0 pair of gloves (worn)
 k - the +1 ring mail "Ceefink" (worn) {Str+4 Stlth+}
   (You found it on level 3 of the Dungeon)

   Str+4:     It affects your strength (+4).
   Stlth+:    It makes you more stealthy.
 s - a +1 pair of boots
 y - the +1 cloak of Starlight (worn) {*Dazzle EV+4 Stlth--}
   (You bought it in a shop on level 9 of the Dungeon)

   *Dazzle:   It may blind those who miss an attack against the wearer in melee
   combat.
   EV+4:      It affects your evasion (+4).
   Stlth--:   It makes you much less stealthy.
Jewellery
 u - an amulet of regeneration (around neck)
Wands
 p - a wand of flame (47)
 D - a wand of mindburst (3)
Scrolls
 f - a scroll of blinking
 r - 2 scrolls of amnesia
 t - a scroll of torment
 v - 3 scrolls of fog
 A - a scroll of revelation
 E - a scroll of enchant weapon
Potions
 b - 2 potions of ambrosia
 d - 6 potions of might
 e - 5 potions of curing
 h - 3 potions of resistance
 m - 2 potions of degeneration
 n - 5 potions of mutation
 o - a potion of haste
 q - 3 potions of enlightenment
 x - 4 potions of magic
 z - 2 potions of invisibility
 B - a potion of brilliance {unknown}


   Skills:
 - Level 3.0(8.0) Fighting
 - Level 15.0(20.0) Axes
 - Level 2.6(7.6) Armour
 + Level 7.5(12.5) Dodging
 - Level 2.6(7.6) Shields


You had 9 spell levels left.
You didn't know any spells.
Your spell library contained the following spells:

 Spells                   Type           Power      Damage    Failure   Level
 Magic Dart               Conj           0%         1d3       58%         1
 Searing Ray              Conj           0%         2d4       73%         2
 Gell's Gravitas          Tloc           0%         N/A       91%         3
 Inner Flame              Hex/Fire       0%         N/A       91%         3
 Teleport Other           Tloc           0%         N/A       91%         3
 Fulminant Prism          Conj/Alch      0%         3d5       100%        4
 Irradiate                Conj/Alch      0%         3d11      100%        5
 Dispersal                Tloc           0%         N/A       100%        6
 Ignition                 Fire           0%         3d3       100%        8


Dungeon Overview and Level Annotations

Branches:
Dungeon (11/15)            Temple (1/1) D:4            Lair (0/5) D:9
 Bailey (visited)
    Orc: D:9-12

Altars:
Ashenzari
Cheibriados
Dithmenos
Fedhas
Gozag
Hepliaklqana
Kikubaaqudgha
Makhleb
Nemelex Xobeh
Okawaru
Qazlal
Ru
Sif Muna
Trog
Uskayaw
Vehumet
Wu Jian
Xom
Yredelemnul

Shops:
D:1 *(*?   D:5 [   D:9 *[[


Innate Abilities, Weirdness & Mutations

You have hooves in place of feet.
You are mostly covered in large bone plates. (SH +6)
You sometimes emit foul miasma when damaged in melee.


Message History

The wraith closely misses you.
You gain the combat prowess of a mighty hero.
The death knight reflects your damage back at you!
You block the wraith's attack.
You feel yourself speed up.
The death knight reflects your damage back at you!
You barely miss the death knight.
The death knight is heavily wounded.
The death knight reflects your damage back at you!
You hit the death knight but do no damage.
The death knight looks as sick as possible!
The death knight is heavily wounded.
You hit the death knight but do no damage.
The death knight looks as sick as possible!
The death knight is heavily wounded.
The death knight completely misses you.
The death knight reflects your damage back at you!
Unknown command.
You hit the death knight but do no damage.
The death knight looks as sick as possible!
You kick the death knight.
The death knight is severely wounded.
The death knight reflects your damage back at you!
* * * LOW HITPOINT WARNING * * *
You closely miss the death knight.
The death knight is severely wounded.
The death knight reflects your damage back at you!
You barely miss the death knight. Your kick misses the death knight.
The death knight is severely wounded.
The death knight hits you with a +3 broad axe!!
* * * LOW HITPOINT WARNING * * *
Unknown command.
You hit the death knight.
The death knight looks as sick as possible!
You kick the death knight, but do no damage.
The death knight is severely wounded.
The death knight reflects your damage back at you!
* * * LOW HITPOINT WARNING * * *
The death knight reflects your damage back at you!
You die...

#.......# #..^# #....##.
###....... #...# ##....... ....
#.#.## #..<# #.......# ....
#....########...####.##.#..#
..§.####..#.............÷))......
......#....................(##...
....WWW...#.................)....
..§##.#.#.########...###.........
. #W#.#.##....@pW..# #.##.#....
#.#W#>##.#####...# #.##....(.
###p#(#.# ####...# #.####..##
#.......# #......# #.# ..#
#.....####...........#.. .#
#.....# #.........#.### .#
###.....# ....#..#.###.#
........# .#.....#.. . #########
....#..#..# #


You could see a death knight (reflects damage, extremely poisoned) and a wraith.

Vanquished Creatures
  A two-headed ogre (D:10)
  A cyclops (D:11)
  3 trolls
  A shadow (D:10)
  A wraith (D:10)
  A wyvern (D:8)
  Eustachio (D:5)
  A steam dragon (D:6)
  2 acid dragons
  A water moccasin (D:7)
  5 orc warriors
  A sky beast (D:7)
  An ice beast (D:7)
  3 phantoms
  4 centaurs
  4 bullfrogs
  4 gnoll sergeants
  A scorpion (D:3)
  7 wights
  3 killer bees (D:8)
  3 howler monkeys
  5 hounds
  2 bombardier beetles
  A jelly (D:6)
  5 orc priests
  Ijyb (D:5)
  3 iguanas
  13 orc wizards
  2 sleepcaps
  Natasha (thrice) (D:3)
  23 gnolls
  5 adders
  A white imp (D:6)
  4 ufetubi
  A dart slug (D:2)
  2 ribbon worms (D:2)
  55 orcs
  4 endoplasms
  A giant cockroach (D:2)
  8 goblins
  4 hobgoblins
  9 jackals
  3 kobolds
  3 quokkas
  5 ball pythons
  5 bats
  A frilled lizard (D:2)
  3 rats
221 creatures vanquished.

Notes
Turn   | Place    | Note
-------+----------+-------------------------------------------
     0 | D:1      | diceflayer the Demonspawn Fighter began the quest for the
                  | Orb.
     0 | D:1      | Reached XP level 1. HP: 18/18 MP: 1/1
    72 | D:1      | Reached skill level 2 in Axes
   122 | D:1      | Found Cuos's Weapon Emporium.
   164 | D:1      | Found Gyb Lao's General Store.
   427 | D:1      | Found Latismae's Assorted Antiques.
   498 | D:1      | Gained mutation: You may rarely emit foul miasma when
                  | damaged in melee. [demonic ancestry]
   498 | D:1      | Reached XP level 2. HP: 23/24 MP: 2/2
   594 | D:1      | Found Xaqaxush's Magic Scroll Shoppe.
  1354 | D:2      | Reached skill level 3 in Axes
  1406 | D:2      | Reached XP level 3. HP: 19/29 MP: 3/3
  1741 | D:2      | Reached skill level 4 in Axes
  1741 | D:2      | Gained mutation: You are partially covered in large bone
                  | plates. (SH +4) [demonic ancestry]
  1741 | D:2      | Reached XP level 4. HP: 35/35 MP: 4/4
  1959 | D:2      | Identified a scroll of acquirement
  1959 | D:2      | Acquired a manual of Axes
  1994 | D:3      | Noticed a scorpion
  2005 | D:3      | Killed a scorpion
  2006 | D:3      | Reached skill level 5 in Axes
  2006 | D:3      | Gained mutation: You sometimes emit foul miasma when
                  | damaged in melee. [demonic ancestry]
  2006 | D:3      | Reached XP level 5. HP: 41/41 MP: 5/5
  2030 | D:3      | Noticed Natasha
  2035 | D:3      | Killed Natasha
  2048 | D:3      | Noticed Natasha
  2054 | D:3      | Killed Natasha
  2055 | D:3      | Reached skill level 6 in Axes
  2072 | D:3      | Noticed Natasha
  2079 | D:3      | Killed Natasha
  2124 | D:3      | Identified the +1 ring mail "Ceefink" {Str+4 Stlth+}
  2290 | D:3      | Reached skill level 7 in Axes
  2296 | D:3      | Gained mutation: You have large cloven feet. [demonic
                  | ancestry]
  2296 | D:3      | Reached XP level 6. HP: 29/47 MP: 6/6
  2384 | D:3      | Found a faded altar of an unknown god.
  2686 | D:4      | Reached skill level 8 in Axes
  3280 | D:4      | Found a staircase to the Ecumenical Temple.
  3321 | Temple   | Entered the Ecumenical Temple
  3352 | Temple   | Became a worshipper of Warmaster Okawaru
  3422 | D:5      | Entered Level 5 of the Dungeon
  3500 | D:5      | Noticed Eustachio
  3510 | D:5      | Killed Eustachio
  3510 | D:5      | Reached * piety under Okawaru
  3511 | D:5      | Reached skill level 9 in Axes
  3511 | D:5      | Gained mutation: You are mostly covered in large bone
                  | plates. (SH +6) [demonic ancestry]
  3511 | D:5      | Reached XP level 7. HP: 35/52 MP: 7/7
  3768 | D:5      | Found Bodgh's Antique Armour Shop.
  3811 | D:5      | Reached skill level 10 in Axes
  3956 | D:5      | Noticed Ijyb
  3958 | D:5      | Reached skill level 11 in Axes
  3972 | D:5      | Killed Ijyb
  4259 | D:6      | Gained mutation: You have hoof-like feet. [demonic
                  | ancestry]
  4259 | D:6      | Reached XP level 8. HP: 58/58 MP: 8/8
  4304 | D:6      | Reached ** piety under Okawaru
  4305 | D:6      | Reached skill level 12 in Axes
  4962 | D:6      | Reached skill level 13 in Axes
  5612 | D:7      | Reached XP level 9. HP: 35/63 MP: 9/9
  5899 | D:7      | Reached *** piety under Okawaru
  5981 | D:7      | Found an opulent altar of Gozag.
  5993 | D:7      | Reached skill level 14 in Axes
  7175 | D:9      | Reached **** piety under Okawaru
  7185 | D:9      | Found a flagged portal.
  7194 | Bailey   | Entered a bailey
  7521 | D:9      | Reached skill level 15 in Axes
  7827 | D:9      | Found Ocuph's Armour Shop.
  7836 | D:9      | Bought the +1 cloak of Starlight {*Dazzle EV+4 Stlth--} for
                  | 335 gold pieces
  7836 | D:9      | Found the +1 cloak of Starlight {*Dazzle EV+4 Stlth--}
  7858 | D:9      | Reached skill level 1 in Dodging
  7864 | D:9      | Found Qarire Peog's Assorted Antiques.
  8028 | D:9      | Found Ammenlabb's Antique Armour Shop.
  8090 | D:9      | Gained mutation: You have hooves in place of feet. [demonic
                  | ancestry]
  8090 | D:9      | Reached XP level 10. HP: 69/70 MP: 10/10
  8185 | D:9      | Found a sparkling altar of Nemelex Xobeh.
  8202 | D:9      | Found a staircase to the Lair.
  8253 | D:10     | Entered Level 10 of the Dungeon
  8609 | D:10     | Noticed a two-headed ogre
  8621 | D:10     | Killed a two-headed ogre
  8622 | D:10     | Reached skill level 5 in Dodging
  8622 | D:10     | Reached ***** piety under Okawaru
  8957 | D:11     | Received a gift from Okawaru
  9003 | D:11     | Noticed a phantasmal warrior
  9003 | D:11     | Noticed a death knight
  9006 | D:11     | HP: 2/70 [phantasmal warrior[a death knight] (32)]
  9060 | D:11     | Noticed a cyclops
  9069 | D:11     | Killed a cyclops
  9252 | D:11     | HP: 2/70 [mirror damage (2)]
  9252 | D:11     | Killed by mirror damage

Illustrated notes

Levels and vault maps discovered:
D:1:      dpeg_arrival_rooms_b, layout_basic, serial_shops, shop_fountains,
          shop, shop, shop, minmay_misc_feat_hallway, kennysheep_small_spiral,
          item_on_display_b
D:2:      layout_basic, serial_aquarium, aquarium_bridge_long_separate
          [aquarium_subvault_balcony, aquarium_subvault_bridge,
          aquarium_subvault_window, aquarium_subvault_bridge,
          aquarium_subvault_wall, aquarium_subvault_bridge],
          aquarium_window_fake, aquarium_window_corner, aquarium_view_2f,
          reono_crystal_passage, serial_bayou_pond_b
D:3:      layout_rooms, ebering_ecumenical_altar_abandoned, uniq_natasha
D:4:      layout_basic, minmay_temple_entry_statues_fountains, nrook_campfire,
          minmay_splitting_lines
D:5:      layout_gridville, serial_shops, nicolae_shop_just_a_little_nook,
          uniq_eustachio, uniq_ijyb
D:6:      minmay_evil_eye, layout_basic
D:7:      layout_loops_ring, grunt_gozag_breadcrumbs
D:8:      layout_loops_ring, serial_glass, glass_columns_a, glass_columns_a
D:9:      layout_basic, nicolae_overflow_crystal_walls, lair_entry_dummy,
          serial_shops, nicolae_shop_peninsula, shop, shop, enter_bailey_2,
          hangedman_abyss_or_decor_stabs
D:10:     layout_long_grid, kennysheep_generic_room_9
D:11:     layout_loops_cross, nicolae_water_bricks
Temple:   mainiacjoe_temple_big_plus

Skill      XL: |  1  2  3  4  5  6  7  8  9 10 |
---------------+-------------------------------+-----
Axes           | 2 3 4 5 7 9 11 13 15 | 15.0
Dodging        | 2 7 |  7.5
Fighting       | |  3.0
Armour         | |  2.6
Shields        | |  2.6

Action                     |  1- 3 |  4- 6 |  7- 9 | 10-12 || total
---------------------------+-------+-------+-------+-------++-------
  Melee: War axe           |    85 |   108 |   409 |   109 ||   711
         Kick              |       |       |       |    39 ||    39
 Invoke: Heroism           |       |       |     1 |     2 ||     3
    Use: Scroll            |     2 |    11 |     7 |     4 ||    24
         Potion            |       |       |     1 |     4 ||     5
   Stab: Sleeping          |       |       |     8 |       ||     8
         Invisible         |       |       |     2 |     2 ||     4
 Armour: Scale mail        |    76 |    13 |       |       ||    89
         Ring mail         |       |    44 |   199 |    41 ||   284
  Dodge: Dodged            |    48 |    37 |   133 |    44 ||   262
  Block: Buckler           |    19 |    57 |   198 |    46 ||   320
